 Dungeon Crawl Stone Soup version 0.29-a0-338-g1ff7896281 (webtiles) character file.

Game seed: 6365734094682944189

1124 thiscave3701365 the Slasher (level 8, -2/70 HPs)
             Began as a Minotaur Berserker on Apr 18, 2022.
             Was a Believer of Trog.
             Slain by an orc warrior
             ... wielding a +0 battleaxe
              (18 damage)
             ... on level 5 of the Dungeon.
             The game lasted 00:02:17 (2824 turns).

thiscave3701365 the Slasher (Minotaur Berserker)    Turns: 2824, Time: 00:02:19

Health: -2/70      AC: 11    Str: 24    XL:     8   Next: 13%
Magic:  7/7        EV: 10    Int:  4    God:    Trog [**....]
Gold:   110        SH:  0    Dex: 16    Spells: 7/7 levels left

rFire   . . .      SeeInvis .   k - +0 double sword
rCold   . . .      Faith    .   (no shield)
rNeg    . . .      Spirit   .   f - +0 chain mail
rPois   .          Reflect  .   (helmet restricted)
rElec   .          Harm     .   (no cloak)
rCorr   .          Rampage  .   o - +0 pair of gloves
Will    .....                   (no boots)
Stlth   ..........              i - amulet of regeneration
HPRegen 1.01/turn               j - +6 ring of dexterity
MPRegen 0.10/turn               (no ring)

@: no status effects
A: horns 2, retaliatory headbutt
a: Renounce Religion, Berserk, Trog's Hand


You were on level 5 of the Dungeon.
You worshipped Trog.
Trog was pleased with you.
You visited 1 branch of the dungeon, and saw 4 of its levels.

You collected 110 gold pieces.

Inventory:

Hand Weapons
 a - a +0 hand axe
 k - a +0 double sword (weapon)
Armour
 f - a +0 chain mail (worn)
 o - a +0 pair of gloves (worn)
Jewellery
 i - an amulet of regeneration (around neck)
 j - a +6 ring of dexterity (left hand)
Scrolls
 c - 2 scrolls of immolation {unknown}
 d - a scroll of enchant weapon {unknown}
 h - a scroll of noise {unknown}
 l - 2 scrolls of magic mapping {unknown}
 n - 2 scrolls of identify {unknown}
 q - a scroll of vulnerability {unknown}
Potions
 b - a potion of resistance {unknown}
 e - a potion of haste {unknown}
 g - 3 potions of heal wounds {unknown}
 m - 2 potions of curing {unknown}
 p - a potion of berserk rage {unknown}


   Skills:
 - Level 5.7 Fighting
 + Level 7.1 Long Blades
 - Level 5.7 Axes
 - Level 4.9 Armour
 - Level 4.5 Dodging


You had 7 spell levels left.
You didn't know any spells.
Your spell library was empty.

Dungeon Overview and Level Annotations

Branches:
Dungeon (5/15)             Temple (0/1) D:5

Altars:


Innate Abilities, Weirdness & Mutations

You have a pair of horns on your head.
You reflexively headbutt those who attack you in melee.


Message History

You are too confused!
Unknown command.
You are too confused!
Unknown command.
You are too confused!
You hit the orc but do no damage. You headbutt the orc.
The orc is almost dead.
The iguana barely misses you. The orc warrior closely misses you.
The orc hits you but does no damage. Something hits you but does no damage.
You miss the orc warrior. Your headbutt misses the orc warrior.
The iguana misses you.
The orc warrior hits you with a +0 battleaxe!
The orc hits you but does no damage.
You slash the orc!
You kill the orc!
Trog accepts your kill. The iguana closely misses you.
Something hits you but does no damage.
The orc warrior hits you with a +0 battleaxe.
Something hits you.
You're too confused to move!
The iguana bites you.
Something hits you but does no damage. x2; The orc warrior misses you.
Something hits you but does no damage. Something hits you.
The iguana barely misses you.
The orc warrior hits you with a +0 battleaxe!!
Things that are here:
a +0 club; a +0 leather armour You bump into the rock wall.
You feel less confused.
The iguana bites you but does no damage.
Something hits you but does no damage.
The orc warrior hits you with a +0 battleaxe!
* * * LOW HITPOINT WARNING * * *
You barely miss the iguana.
You headbutt the iguana, but do no damage.
The iguana is lightly wounded.
The iguana bites you.
* * * LOW HITPOINT WARNING * * *
Something hits you but does no damage.
The orc warrior hits you with a +0 battleaxe!!
You die...

## #≈ #≈## #≈≈## # #########
#≈≈≈#### ...##.......# #≈≈≈≈#.≈
......o...#.# #≈≈≈≈.≈.
......l@###.# #≈≈≈≈≈≈≈
......###...## #.≈≈≈..≈
....###...#..# #..≈≈.≈≈
#####.).####.## ##..≈..≈
###..)..###..#..# ##.....
###...##.##....##.#####.####
###...#..#..#..#..#..#........
####...####.##.##....##.##.######
.....###..#..#.....###...###


You could see an orc warrior and an iguana.

Vanquished Creatures
  Eustachio (D:4)
  Duvessa (D:4)
  2 sky beasts (D:5)
  A black bear (D:4)
  A centaur (D:5)
  An ogre (D:5)
  A phantom (D:5)
  2 scorpions
  Dowan (D:4)
  A howler monkey (D:5)
  A hound (D:5)
  An iguana (D:5)
  Robin (D:2)
  2 adders
  A shadow imp (D:5)
  A white imp (D:5)
  A dart slug (D:1)
  6 orcs
  5 endoplasms
  13 goblins
  8 hobgoblins
  5 jackals
  7 kobolds
  5 quokkas
  A bat (D:2)
  6 frilled lizards
  A rat (D:1)
77 creatures vanquished.

Vanquished Creatures (others)
  2 plants (D:1)
2 creatures vanquished.

Grand Total: 79 creatures vanquished

Notes
Turn   | Place    | Note
-------+----------+-------------------------------------------
     0 | D:1      | thiscave3701365 the Minotaur Berserker began the quest for
                  | the Orb.
     0 | D:1      | Reached XP level 1. HP: 19/19 MP: 0/0
    90 | D:1      | Reached XP level 2. HP: 27/27 MP: 1/1
   129 | D:1      | Found a faded altar of an unknown god.
   721 | D:2      | Reached XP level 3. HP: 33/33 MP: 2/2
   743 | D:2      | Noticed Robin
   747 | D:2      | Reached ** piety under Trog
   756 | D:2      | Killed Robin
   897 | D:2      | You fall into a shaft and drop 2 floors!
   923 | D:4      | Noticed a scorpion
   929 | D:4      | Killed a scorpion
   930 | D:4      | Reached XP level 4. HP: 41/41 MP: 3/3
   969 | D:4      | Noticed a black bear
   977 | D:4      | Killed a black bear
   978 | D:4      | Reached XP level 5. HP: 45/47 MP: 4/4
  1204 | D:4      | Noticed Duvessa
  1206 | D:4      | Noticed Dowan
  1211 | D:4      | Reached skill level 5 in Axes
  1216 | D:4      | Killed Duvessa
  1217 | D:4      | Reached skill level 5 in Fighting
  1217 | D:4      | Reached XP level 6. HP: 52/56 MP: 5/5
  1218 | D:4      | Killed Dowan
  1348 | D:4      | Noticed Eustachio
  1361 | D:4      | Killed Eustachio
  1834 | D:4      | Reached XP level 7. HP: 62/62 MP: 6/6
  1954 | D:5      | Entered Level 5 of the Dungeon
  1982 | D:5      | Reached skill level 1 in Long Blades
  1995 | D:5      | Found a staircase to the Ecumenical Temple.
  2036 | D:5      | Reached skill level 2 in Long Blades
  2041 | D:5      | Reached skill level 3 in Long Blades
  2334 | D:5      | Reached skill level 4 in Long Blades
  2375 | D:5      | Reached skill level 5 in Long Blades
  2430 | D:5      | Reached skill level 6 in Long Blades
  2719 | D:5      | Reached XP level 8. HP: 66/70 MP: 7/7
  2732 | D:5      | Reached skill level 7 in Long Blades
  2824 | D:5      | Slain by an orc warrior

Illustrated notes

Levels and vault maps discovered:
D:1:      ncdulo_watergridlock, layout_rooms,
          shapermc_ecumenical_altar_acropolis
D:2:      layout_basic, minmay_split_cup_large, uniq_robin
D:4:      layout_basic, minmay_misc_feat_four_crosses, uniq_eustachio,
          uniq_duvessa
D:5:      minmay_skewed_foursquare, layout_rooms,
          minmay_temple_entry_butterflies, chequers_serial_rivers_large_a,
          minivault_24

Skill      XL: |  1  2  3  4  5  6  7  8 |
---------------+-------------------------+-----
Axes           | 4 5 |  5.7
Fighting       | 4 5 |  5.7
Armour         | 3 4 |  4.9
Dodging        | 3 4 |  4.5
Long Blades    | 6 7 |  7.1

Action                   |  1- 3 |  4- 6 |  7- 9 || total
-------------------------+-------+-------+-------++-------
Melee: Hand axe          |    58 |    32 |       ||    90
       Headbutt          |    10 |     8 |    20 ||    38
       Double sword      |       |     5 |    66 ||    71
Invok: Berserk           |     2 |     3 |     4 ||     9
Armor: Chain mail        |    22 |    27 |    59 ||   108
       Animal skin       |     1 |       |       ||     1
Dodge: Dodged            |    43 |    20 |    43 ||   106

Table legend: (Time is in decaauts)
 A = Elapsed time spent in this place.
 B = Non-inter-level travel time spent in this place.
 C = Inter-level travel time spent in this place.
 D = Time resting spent in this place.
 E = Time spent auto-exploring this place.
 F = Levels seen in this place.
 G = Mean time per level.
                   A        B        C        D        E       F      G
               +--------+--------+--------+--------+--------+-----+--------+
         Total |   2956 |   2885 |     71 |    438 |   1983 |   4 |  739.0 |
       Dungeon |   2956 |   2885 |     71 |    438 |   1983 |   4 |  739.0 |
               +--------+--------+--------+--------+--------+-----+--------+

Top non-repeatable levels by time:
     D:4: 1104 daAuts
     D:5: 934 daAuts
     D:1: 691 daAuts
     D:2: 226 daAuts
